 Dungeon Crawl Stone Soup version 0.29-a0-317-gd16b76e6b1 (webtiles) character file.

Game seed: 908751359151373865

52 Dabor the Insei (level 3, -1/27 HPs)
             Began as a Demonspawn Transmuter on Apr 1, 2022.
             Was an Initiate of Ashenzari.
             Slain by Sigmund
             ... wielding a +0 scythe
              (9 damage)
             ... on level 2 of the Dungeon.
             The game lasted 00:02:07 (1604 turns).

Dabor the Insei (Demonspawn Transmuter)             Turns: 1604, Time: 00:02:07

Health: -1/27      AC:  3    Str: 12    XL:     3   Next: 60%
Magic:  4/6        EV: 12    Int: 14    God:    Ashenzari [......]
Gold:   108        SH:  0    Dex: 13    Spells: 3/6 levels left

rFire   . . .      SeeInvis .     - Unarmed
rCold   . . .      Faith    .   (no shield)
rNeg    . . .      Spirit   .   a - +0 robe "Augurer of Ashenzari" {Comp, Elem} (curse)
rPois   .          Reflect  .   (helmet currently unavailable)
rElec   .          Harm     .   (no cloak)
rCorr   .          Rampage  .   h - +0 pair of gloves
Will    .....                   (boots currently unavailable)
Stlth   ..........              (no amulet)
HPRegen 0.09/turn               (no ring)
MPRegen 0.10/turn               (no ring)

@: appendages (expiring), silenced, wereblooded
A: talons 2, horns 1, powered by pain 1
a: End Transformation, Renounce Religion, Shatter the Chains


You were on level 2 of the Dungeon.
You worshipped Ashenzari.
Ashenzari was noncommittal.
You had temporarily grown beastly talons.
You visited 1 branch of the dungeon, and saw 2 of its levels.

You collected 108 gold pieces.

Inventory:

Armour
 a - the cursed +0 robe "Augurer of Ashenzari" (worn) {Comp, Elem}

   It has a curse which improves the following skills: Companions: Summonings
   and Necromancy.
   Elements:  Fire Magic, Ice Magic, Air Magic and Earth Magic.
 h - a +0 pair of gloves (worn)
 i - a +0 cloak
Scrolls
 c - a scroll of identify {unknown}
 d - a scroll of torment {unknown}
 g - a scroll of fog {unknown}
 j - a scroll of summoning {unknown}
Potions
 b - a potion of lignification
 e - a potion of cancellation {unknown}


   Skills:
 + Level 1.7 Fighting
 + Level 2.2 Dodging
 + Level 3.1 Unarmed Combat
 + Level 2.4 Spellcasting
 + Level 2.2 Transmutations


You had 3 spell levels left.
You knew the following spells:

 Your Spells              Type           Power      Damage    Failure   Level
a - Beastly Appendage     Tmut           14%        N/A       9%          1
b - Wereblood             Tmut           7%         N/A       14%         2

Your spell library contained the following spells:

 Spells                   Type           Power      Damage    Failure   Level
 Summon Small Mammal      Summ           4%         N/A       22%         1
 Spider Form              Tmut/Pois      4%         N/A       41%         3
 Call Canine Familiar     Summ           1%         N/A       56%         3
 Summon Guardian Golem    Hex/Summ       1%         N/A       56%         3
 Ice Form                 Ice/Tmut       4%         N/A       82%         4


Dungeon Overview and Level Annotations

Branches:
Dungeon (2/15)

Altars:
Ashenzari

Annotations:
D:2 Sigmund


Innate Abilities, Weirdness & Mutations

You have temporarily grown beastly talons.
You have a pair of small horns on your head.
You sometimes gain a little power by taking damage.


Message History

No target in view!
Your transformation is almost over.
You howl as the wereblood boils in your veins!
Your primal bloodlust is almost over.
Your talons disappear.
Your primal bloodlust has ended.
You see here a worm corpse.
Found a stone staircase leading down.
Sigmund the Dreaded comes into view.
He is wielding a +0 scythe.
Found a coppery potion.
Sigmund is nearby!
Sigmund is nearby!
Sigmund is nearby!
Casting: Wereblood (safe; 14% risk of failure)
Confirm with . or Enter, or press ? or * to list all spells.
Your feet morph into talons.
Casting: Beastly Appendage (safe; 9% risk of failure)
Confirm with . or Enter, or press ? or * to list all spells.
Your blood is infused with primal strength.
Sigmund casts a spell.
Sigmund flickers and vanishes!
Deactivating autopickup; reactivate with Ctrl-A.
You aren't carrying any pieces of jewellery.
Unknown command.
As you read the scroll labelled PAAGIWOARCH, it crumbles to dust.
A profound silence engulfs you.
It was a scroll of silence.
Your transformation is almost over.
An adder comes into view.
Something hits you.
Found a lumpy coppery potion.
You hit something but do no damage. Your kick misses something.
Something hits you.
You completely miss something. Something hits you.
You miss something. Your kick misses something. You barely miss the adder.
The adder misses you. Something hits you.
* * * LOW HITPOINT WARNING * * *
The adder misses you.
You closely miss the adder. The adder completely misses you.
Something hits you!
You die...

....... ....... !......
##### ###....... #...#
##......... #####...#
#.........!
...##...######..S{.=....
................@.....#
.#......###.....#...###
.####...#......####.#
....#..........# #
...............#
....#.......##.###
....#.....#.......
....#.....#....[..
......###.........


You could see an adder.

Vanquished Creatures
  An adder (D:2)
  2 worms (D:2)
  2 dart slugs
  7 endoplasms
  3 goblins
  A hobgoblin (D:1)
  4 jackals (D:2)
  2 kobolds (D:1)
  2 quokkas (D:1)
  A ball python (D:1)
  A bat (D:1)
  5 frilled lizards (D:1)
31 creatures vanquished.

Notes
Turn   | Place    | Note
-------+----------+-------------------------------------------
     0 | D:1      | Dabor the Demonspawn Transmuter began the quest for the
                  | Orb.
     0 | D:1      | Reached XP level 1. HP: 15/15 MP: 3/3
   217 | D:1      | Gained mutation: You sometimes gain a little power by
                  | taking damage. [demonic ancestry]
   217 | D:1      | Reached XP level 2. HP: 6/21 MP: 3/5
   220 | D:1      | Learned a level 2 spell: Wereblood
   608 | D:1      | Found a faded altar of an unknown god.
   619 | D:1      | Prayed at the altar of an unknown god.
   619 | D:1      | Became a worshipper of Ashenzari the Shackled
  1082 | D:2      | Reached skill level 3 in Unarmed Combat
  1082 | D:2      | Gained mutation: You have a pair of small horns on your
                  | head. [demonic ancestry]
  1082 | D:2      | Reached XP level 3. HP: 13/26 MP: 4/6
  1593 | D:2      | Noticed Sigmund
  1604 | D:2      | Slain by Sigmund

Illustrated notes

Levels and vault maps discovered:
D:1:      psy_arrival_dodecagon, layout_basic,
          ebering_ecumenical_altar_sacrificial
D:2:      layout_rooms, uniq_sigmund, uniq_jessica

Skill      XL: |  1  2 |
---------------+-------+-----
Transmutations | 2 |  2.2
Dodging        | 2 |  2.2
Unarmed Combat | 3 |  3.1
Fighting       | |  1.7
Spellcasting   | |  2.4

Action                   || total
-------------------------++-------
Melee: Unarmed           ||    93
       Kick              ||    16
       Headbutt          ||     5
       Punch             ||     1
 Cast: Beastly Appendage ||    15
       Wereblood         ||     6
Invok: Curse Item        ||     1
  Use: Scroll            ||     1
 Stab: Sleeping          ||     1
Armor: Robe              ||    18
Dodge: Dodged            ||    60

Table legend: (Time is in decaauts)
 A = Elapsed time spent in this place.
 B = Non-inter-level travel time spent in this place.
 C = Inter-level travel time spent in this place.
 D = Time resting spent in this place.
 E = Time spent auto-exploring this place.
 F = Levels seen in this place.
 G = Mean time per level.
                   A        B        C        D        E       F      G
               +--------+--------+--------+--------+--------+-----+--------+
         Total |   1598 |   1535 |     63 |    154 |   1126 |   2 |  799.0 |
       Dungeon |   1598 |   1535 |     63 |    154 |   1126 |   2 |  799.0 |
               +--------+--------+--------+--------+--------+-----+--------+

Top non-repeatable levels by time:
     D:1: 1059 daAuts
     D:2: 538 daAuts
